 Dungeon Crawl Stone Soup version 0.17-a0-1882-g750edc8 (webtiles) character file.

415 barthelm the Cutter (level 7, -1/46 HPs)
             Began as a Kobold Berserker on Sept 22, 2015.
             Was a Priest of Trog.
             Killed from afar by Dowan (16 damage)
             ... with a shard of ice
             ... on level 4 of the Dungeon.
             The game lasted 00:12:23 (2726 turns).

barthelm the Cutter (Kobold Berserker)              Turns: 2726, Time: 00:12:24

Health: -1/46      AC:  3    Str: 17    XL:     7   Next: 15%
Magic:  7/7        EV: 15    Int:  5    God:    Trog [***...]
Gold:   93         SH:  0    Dex: 16    Spells: 0 memorised, 6 levels left

rFire  . . .     SeeInvis .     a - +0 short sword
rCold  . . .     Clarity  .     b - +0 animal skin
rNeg   . . .     SustAt   .     (shield restricted)
rPois  .         Gourm    .     (no helmet)
rElec  .         Spirit   .     (no cloak)
rCorr  .         Warding  .     j - +0 pair of gloves
rMut   .         Stasis   .     (no boots)
MR     .....                    (no amulet)
Stlth  ++........               (no ring)
                                (no ring)

@: exhausted, slowed, very slow, not resistant to hostile enchantments,
unstealthy
A: carnivore 3
a: Burn Spellbooks, Berserk, Trog's Hand, Renounce Religion


You were on level 4 of the Dungeon.
You worshipped Trog.
Trog was most pleased with you.
You were very full.

You visited 1 branch of the dungeon, and saw 4 of its levels.

You collected 93 gold pieces.

Inventory:

Hand weapons
 a - a +0 short sword (weapon)
Armour
 b - a +0 animal skin (worn)
 j - a +0 pair of gloves (worn)
 u - a +0 helmet
Jewellery
 p - an uncursed ring of protection from magic {unknown}
Scrolls
 h - a scroll of immolation {unknown}
 l - a scroll of remove curse {unknown}
 m - a scroll of blinking {unknown}
 n - 2 scrolls of enchant weapon {unknown}
 q - a scroll of magic mapping {unknown}
 r - a scroll of random uselessness {unknown}
 s - a scroll of enchant armour {unknown}
 t - a scroll of fear {unknown}
Potions
 d - 2 potions of heal wounds {unknown}
 e - 2 potions of resistance
 f - a potion of flight {unknown}
 g - a potion of invisibility {unknown}
 k - 2 potions of curing {unknown}
 o - a potion of might {unknown}
Comestibles
 c - a meat ration
 i - a beef jerky
 v - 2 chunks of flesh


   Skills:
 + Level 6.2 Fighting
 + Level 7.5 Short Blades
 - Level 1.5 Armour
 - Level 2.4 Dodging
 - Level 0.4 Stealth


You had 6 spell levels left.
You didn't know any spells.

Dungeon Overview and Level Annotations

Branches:
Dungeon (4/15)
 Temple: D:4-7

Altars:
Ashenzari
Cheibriados
Elyvilon
Kikubaaqudgha
Vehumet
The Shining One

Annotations:
D:4 Dowan


Innate Abilities, Weirdness & Mutations

You are small and have problems with some larger weapons.
You are carnivorous and can eat meat at any time.


Message History

Your Fighting skill increases to level 6!
You have reached level 7!
Dowan seems to find hidden reserves of power!
You see here a rapier.
There isn't anything to butcher here.
There isn't anything to butcher here.
There isn't anything to butcher here.
You feel a strong urge to attack something.
Press: ? - help, v - describe, . - travel
Here: Dowan, wielding a hand axe and wearing a robe (fast)
The floor.
Unknown command.
Your skin stops crawling.
You feel less resistant to hostile enchantments.
You are no longer berserk.
You are exhausted.
You feel yourself slow down. Dowan casts a spell at you.
The shard of ice hits you!
You die...

#.#....# ... ...
#.#..... .. ###.
...... .. #.# . #
#..#.# e# #.# ##
#.##.#..##.# #.#
#..........# #.#
#..#.....$# #.#
#.#....).## #.#
#......)@# #.#
#######..#
#.########
#.########.........
#.........#########
#########.######...
#........##
##########


You could see Dowan.

Vanquished Creatures
  Duvessa (D:4)
  A crimson imp (D:3)
  A hound (D:4)
  An iguana (D:4)
  A worker ant (D:4)
  A hound zombie (D:3)
  4 adders
  7 gnolls (D:3)
  An ooze (D:4)
  A worm (D:2)
  2 giant geckos (D:2)
  4 orcs
  9 bats
  A giant cockroach (D:1)
  5 goblins
  13 hobgoblins
  4 jackals (D:2)
  8 kobolds
  3 quokkas (D:3)
  5 giant newts
  5 rats
78 creatures vanquished.

Notes
Turn   | Place    | Note
--------------------------------------------------------------
     0 | D:1      | barthelm the Kobold Berserker began the quest for the Orb.
     0 | D:1      | Reached XP level 1. HP: 14/14 MP: 1/1
   133 | D:1      | Reached XP level 2. HP: 14/19 MP: 2/2
   614 | D:1      | Reached XP level 3. HP: 24/24 MP: 3/3
   739 | D:2      | Found a radiant altar of Vehumet.
  1021 | D:2      | Found a snail-covered altar of Cheibriados.
  1096 | D:2      | Acquired Trog's second power
  1108 | D:2      | Reached XP level 4. HP: 12/30 MP: 4/4
  1209 | D:2      | Reached skill level 5 in Short Blades
  1546 | D:2      | Found an ancient bone altar of Kikubaaqudgha.
  1547 | D:2      | Found a shattered altar of Ashenzari.
  1837 | D:3      | Reached skill level 5 in Fighting
  1837 | D:3      | Reached XP level 5. HP: 35/35 MP: 5/5
  2018 | D:3      | Reached skill level 6 in Short Blades
  2299 | D:3      | Reached XP level 6. HP: 38/40 MP: 6/6
  2335 | D:3      | Found a glowing golden altar of the Shining One.
  2609 | D:4      | Found a white marble altar of Elyvilon.
  2708 | D:4      | Noticed Duvessa
  2711 | D:4      | Noticed Dowan
  2716 | D:4      | Reached skill level 7 in Short Blades
  2722 | D:4      | Killed Duvessa
  2722 | D:4      | Reached XP level 7. HP: 18/46 MP: 7/7
  2726 | D:4      | Killed from afar by Dowan

Vault maps used:
D:1:      dpeg_arrival_sounds_slurp, hangedman_decor_clover_reticule
D:2:      old_standard_altar, fiery_altar_vehumet,
          gammafunk_temple_overflow_pools
D:3:      serial_bayou_pond_b, wad_floor_pattern_1, minmay_misc_feat_x,
          tso_metal_star
D:4:      kennysheep_goblin_castle, lemuel_round_altar, enter_ossuary_5,
          minivault_25, hangedman_abyss_or_decor_lesser_grid, uniq_edmund,
          uniq_duvessa

Action                   |  1- 3 |  4- 6 |  7- 9 || total
-------------------------+-------+-------+-------++-------
Melee: Short sword       |   132 |   164 |       ||   296
Invok: Berserk           |       |     6 |       ||     6
       Trog's Hand       |       |     2 |       ||     2
  Use: Scroll            |     2 |     1 |       ||     3
 Stab: Sleeping          |     4 |       |       ||     4
  Eat: Chunk             |     9 |    11 |       ||    20
